Map: Dusk Towers

Players

MythiC - Winner!

  • Race: Terran Terran
  • League: Grandmaster

IIIIIIIIII

  • Race: Terran Terran
  • League: Master

VOD

Have the link to the VOD?

Description

Time

  • Played on: Jan. 16, 2016, 3:22 a.m.
  • Length: 9:15
Show
View Real Time Build Order
Export as new Build Order

MythiC Terran - Winner!

Build Orders: Reaper Expand, MMM Bio 

Get SALT Encoding   

  12  0:01  SCV  
  13  0:13  SCV  
  14  0:18  Supply Depot  
  14  0:25  SCV  
  15  0:40  SCV  
  15  0:42  Barracks  
  16  0:45  Refinery  
  16  0:52  SCV  
  17  1:04  SCV  
  19  1:19  SCV  
  19  1:30  Reaper  
  19  1:31  Orbital Command  
  20  1:42  Command Center  
  20  1:54  Supply Depot  
  20  1:57  SCV  
  21  2:02  Reaper  
  22  2:09  Refinery, SCV  
  23  2:21  SCV  
  24  2:24  Factory  
  24  2:33  SCV  
  24  2:42  Barracks Reactor  
  24  2:45  SCV  
  25  2:57  Orbital Command, SCV  
  26  3:08  Widow Mine  
  26  3:10  SCV, Starport  
  29  3:19  Marine x2  
  31  3:22  SCV  
  31  3:24  SCV  
  33  3:34  SCV  
  34  3:36  Marine  
  34  3:37  SCV, Marine  
  34  3:40  Factory Tech Lab  
  37  3:46  SCV  
  38  3:48  Medivac  
  38  3:49  Supply Depot, SCV  
  38  3:54  Marine x2  
  43  3:58  SCV  
  43  4:01  SCV  
  43  4:02  Supply Depot  
  45  4:07  Barracks x2  
  45  4:10  Cyclone  
  45  4:12  Supply Depot, SCV  
  45  4:13  Marine x2  
  51  4:18  SCV  
  51  4:23  Viking  
  54  4:28  SCV  
  55  4:31  Refinery  
  55  4:32  SCV  
  55  4:33  Supply Depot  
  55  4:34  Marine x2  
  55  4:35  Refinery  
  58  4:40  SCV  
  58  4:43  Supply Depot  
  58  4:44  Siege Tank, SCV  
  63  4:52  SCV  
  64  4:56  SCV, Marine x2  
  64  4:57  Barracks Tech Lab x2  
  67  5:00  Starport Reactor  
  67  5:04  SCV  
  68  5:08  SCV  
  69  5:15  Supply Depot  
  69  5:16  SCV  
  69  5:20  SCV  
  71  5:25  Marine x3  
  68  5:29  SCV  
  68  5:32  SCV  
  67  5:39  Marine  
  67  5:40  Siege Tank  
  67  5:41  Stimpack, SCV  
  70  5:44  SCV, Marine  
  70  5:45  Marine x2  
  70  5:46  Medivac x2  
  78  5:53  SCV  
  78  5:55  Command Center  
  79  5:57  Marine  
  79  5:59  SCV  
  79  6:02  Marine x2  
  79  6:03  Marine  
  84  6:06  SCV  
  84  6:08  Supply Depot  
  84  6:11  Supply Depot  
  85  6:12  SCV  
  85  6:17  Barracks  
  86  6:19  Barracks  
  86  6:20  Marine x3  
  86  6:23  Siege Tank  
  92  6:28  Combat Shields, Medivac  
  92  6:31  Medivac  
  96  6:34  Marine  
  96  6:38  Marine  
  96  6:39  Supply Depot  
  98  6:40  Marine  
  98  6:41  Marine  
  100  6:51  Engineering Bay  
  100  6:52  Engineering Bay  
  100  6:53  Marine  
  100  6:54  Supply Depot  
  101  6:59  Marine x2  
  101  7:00  Siege Tank  
  107  7:09  Barracks Reactor x2  
  107  7:10  Orbital Command  
  107  7:15  Marine x2  
  107  7:16  Medivac  
  107  7:17  Medivac, Marine x2  
  114  7:28  Supply Depot  
  114  7:31  SCV x2  
  114  7:33  Marine x2  
  114  7:34  Orbital Command  
  114  7:37  Marine x2  
  118  7:42  Siege Tank  
  123  7:46  Refinery  
  123  7:47  Supply Depot, Marine  
  123  7:48  Marine  
  123  7:51  Marine  
  126  7:53  Marine  
  126  7:57  Marine x3  
  130  8:00  SCV  
  130  8:01  SCV  
  130  8:05  Marine x2  
  133  8:06  Marine  
  133  8:11  SCV  
  136  8:13  SCV  
  136  8:17  Marine x4  
  141  8:24  Marine x2  
  141  8:26  Marine x2  
  145  8:29  Siege Tank  
  137  8:34  Marine  
  137  8:35  Marine x3  
  137  8:40  Medivac x2  
  139  8:42  Marine x2  
  139  8:43  Marine x2  
  140  8:52  Marine x3  
  143  9:00  Armory  
Show
View Real Time Build Order
Export as new Build Order

IIIIIIIIII Terran 

Build Orders: Reaper Expand, MMM Bio 

Get SALT Encoding   

  12  0:01  SCV  
  13  0:13  SCV  
  14  0:18  Supply Depot  
  14  0:25  SCV  
  15  0:39  SCV  
  15  0:42  Barracks  
  16  0:44  Refinery  
  16  0:51  SCV  
  17  1:03  SCV  
  18  1:15  SCV  
  19  1:29  Orbital Command  
  19  1:31  Reaper  
  20  1:42  Command Center  
  20  1:53  Supply Depot  
  20  1:54  SCV  
  21  2:03  Marine  
  21  2:07  SCV  
  23  2:14  Refinery  
  23  2:19  SCV, Factory  
  23  2:22  Marine  
  25  2:31  SCV  
  26  2:43  SCV  
  27  2:48  Barracks Reactor  
  27  2:54  Orbital Command  
  27  2:55  SCV  
  28  3:03  Widow Mine, Starport  
  30  3:07  SCV  
  31  3:16  Supply Depot  
  32  3:20  SCV x2  
  33  3:32  Factory Tech Lab, SCV x2  
  33  3:33  Marine x2  
  37  3:42  Medivac  
  37  3:44  SCV x2  
  37  3:45  Supply Depot  
  41  3:51  Marine x2  
  41  3:54  Cyclone  
  46  3:56  SCV x2  
  48  4:03  Barracks x2  
  48  4:08  Supply Depot, SCV x2  
  50  4:12  Marine x2  
  50  4:15  Viking  
  54  4:20  SCV  
  54  4:22  SCV  
  56  4:27  Supply Depot  
  56  4:28  Refinery  
  56  4:32  SCV  
  56  4:34  SCV  
  56  4:35  Siege Tank  
  61  4:40  Marine x2  
  61  4:41  Supply Depot  
  61  4:44  SCV  
  64  4:46  SCV  
  64  4:47  Engineering Bay  
  65  4:54  Barracks Tech Lab x2  
  65  4:55  Viking  
  65  4:56  SCV  
  65  4:58  SCV  
  69  5:01  Refinery  
  67  5:08  SCV  
  67  5:09  Marine x2  
  67  5:10  SCV  
  68  5:15  Marine  
  68  5:16  Marine  
  68  5:20  SCV  
  71  5:22  SCV  
  72  5:33  SCV  
  65  5:41  Barracks  
  59  5:46  SCV  
  59  5:48  Combat Shields  
  59  5:49  Stimpack, Starport Reactor  
  60  5:50  SCV  
  60  5:51  Refinery  
  60  5:52  Terran Infantry Weapons Level 1  
  61  5:57  Barracks  
  61  6:01  SCV  
  61  6:03  SCV  
  63  6:05  Supply Depot  
  63  6:08  Siege Tank  
  66  6:11  Marine  
  66  6:12  Marine  
  66  6:13  SCV  
  66  6:14  Marine x2  
  71  6:23  Supply Depot, SCV  
  71  6:24  Supply Depot  
  72  6:28  Supply Depot  
  72  6:29  Barracks Reactor  
  72  6:31  Medivac  
  74  6:32  Medivac  
  76  6:45  Barracks Reactor  
  76  6:46  Siege Tank, Marine x4  
  83  6:51  Supply Depot  
  83  7:02  Medivac  
  83  7:04  Supply Depot, Marine x2  
  83  7:06  Missile Turret  
  87  7:08  Marine x4  
  87  7:10  Missile Turret  
  87  7:14  Medivac  
  93  7:18  Siege Tank  
  93  7:22  Marine  
  97  7:24  Marine  
  97  7:25  Marine x2  
  97  7:26  Marine  
  101  7:31  Marine x3  
  101  7:36  Command Center  
  104  7:41  Marine  
  104  7:42  Marine x3  
  104  7:44  Medivac  
  110  7:45  Marine  
  110  7:48  Marine  
  111  7:52  Supply Depot  
  111  7:53  Siege Tank  
  114  8:02  Marine  
  114  8:04  Marine x6  
  121  8:09  Marine  
  121  8:11  Supply Depot  
  121  8:12  SCV  
  123  8:20  Marine  
  123  8:21  Marine x2  
  123  8:22  Marine  
  123  8:25  Marine x3  
  123  8:27  Marine  
  130  8:29  SCV  
  124  8:37  Marine  
  124  8:39  Marine x2  
  124  8:40  Siege Tank  
  122  8:42  Marine  
  122  8:44  Marine  
  122  8:47  SCV  
  120  8:51  SCV  
  121  8:59  SCV  
Tags
 
Add a new tag
Caveats
  • Supply blocks, unpowered buildings, or Contaminate may cause inaccurate times.
  • Supply counts are checked every 10 seconds.